 Dungeon Crawl Stone Soup version 0.29-a0-789-g7a8fcbc185 (webtiles) character file.

Game seed: 4700405537892064149

697 greasedhog the Blocker (level 7, -7/52 HPs)
             Began as a Formicid Fighter on July 2, 2022.
             Killed from afar by Blork the orc (11 damage)
             ... with a puff of flame
             ... on level 4 of the Dungeon.
             The game lasted 00:04:38 (3929 turns).

greasedhog the Blocker (Formicid Fighter)           Turns: 3929, Time: 00:04:38

Health: -7/52      AC: 11    Str: 23    XL:     7   Next: 97%
Magic:  7/7        EV:  6    Int:  7    God:
Gold:   157        SH:  6    Dex: 13    Spells: 6/6 levels left

rFire   . . .      SeeInvis +   s - +5 trident
rCold   . . .      Faith    .   c - +0 buckler
rNeg    . . .      Spirit   .   h - +0 plate armour
rPois   .          Reflect  .   (helmet unavailable)
rElec   .          Harm     .   (no cloak)
rCorr   .          Rampage  .   (no gloves)
Will    .....                   (no boots)
Stlth   ..........              (no amulet)
HPRegen 0.17/turn               (no ring)
MPRegen 0.10/turn               (no ring)

@: mighty
A: permanent stasis, dig shafts and tunnels, antennae 3, four strong arms
a: Dig, Shaft Self


You were on level 4 of the Dungeon.
You visited 1 branch of the dungeon, and saw 4 of its levels.

You collected 157 gold pieces.

Inventory:

Hand Weapons
 a - a +0 quarterstaff
 s - a +5 trident (weapon)
Armour
 c - a +0 buckler (worn)
 h - a +0 plate armour (worn)
Jewellery
 k - a ring of fire
 r - a ring of resist corrosion
Wands
 q - a wand of paralysis (7)
 u - a wand of flame (11)
Scrolls
 g - 2 scrolls of noise {unknown}
 i - 2 scrolls of immolation
 j - a scroll of fog
 n - a scroll of enchant armour {unknown}
 o - a scroll of enchant weapon {unknown}
 p - a scroll of vulnerability {unknown}
 t - a scroll of fear {unknown}
 w - a scroll of magic mapping {unknown}
Potions
 b - a potion of ambrosia {unknown}
 e - 2 potions of degeneration {unknown}
 f - 2 potions of heal wounds {unknown}
 l - a potion of brilliance {unknown}
 m - a potion of curing {unknown}
 v - a potion of lignification {unknown}


   Skills:
 - Level 3.2 Fighting
 * Level 4.5(5.1) Polearms
 - Level 3.7(4.7) Staves
 - Level 3.2 Armour
 * Level 8.6 Shields


You had 6 spell levels left.
You didn't know any spells.
Your spell library was empty.

Dungeon Overview and Level Annotations

Branches:
Dungeon (4/15)
 Temple: D:4-7

Altars:
Elyvilon
Wu Jian
Xom
Yredelemnul

Annotations:
D:4 Blork the orc


Innate Abilities, Weirdness & Mutations

You cannot be hasted, slowed, berserked, paralysed or teleported.
You can dig through walls and to a lower floor.
You have a pair of large antennae on your head. (SInv)
Your four strong arms can wield two-handed weapons with a shield.


Message History

You kill Duvessa!
Dowan screams, "No!
Oh no!"
Dowan seems to find hidden reserves of power!
Your base Polearms skill increases to level 4!
You miss Dowan.
Dowan is severely wounded.
Dowan hits you with a +0 dagger. Dowan hits you but does no damage.
You closely miss Dowan.
Dowan is severely wounded.
Dowan hits you with a +0 dagger.
Blork the orc gestures wildly while chanting.
Blork the orc seems to speed up.
You closely miss Dowan.
Dowan is severely wounded.
You block Dowan's attack. Dowan hits you but does no damage.
You barely miss Dowan.
Dowan is severely wounded.
Dowan hits you with a +0 dagger. You block Dowan's attack.
You puncture Dowan!
You kill Dowan!
Blork the orc hits you but does no damage.
You puncture Blork the orc!
Blork the orc is moderately wounded.
You block Blork the orc's attack.
You closely miss Blork the orc.
Blork the orc is moderately wounded.
Blork the orc hits you with a +0 mace.
Blork the orc frowns.
Blork the orc gestures at you while chanting.
The puff of flame hits you!
* * * LOW HITPOINT WARNING * * *
You barely miss Blork the orc.
Blork the orc is moderately wounded.
Blork the orc hits you with a +0 mace!
* * * LOW HITPOINT WARNING * * *
You puncture Blork the orc!
Blork the orc is almost dead.
Blork the orc gestures at you while chanting.
The puff of flame hits you!
You die...

#.....# ##.......##
##.## #.....#
##.....## #.# ###.###
##...## #.# #.# ##
##'## #.# ... .## #.#
#.# #.. .. #.# #.# #.
##.## #.#
###.#.##...###### #.#
#.....o@........###.#
...#.#.##...##.......#
#. ##.###...##### ..
### ##### ###


You could see Blork the orc (fast).

Vanquished Creatures
  Eustachio (D:4)
  Menkaure (D:4)
  Edmund (D:4)
  Duvessa (D:4)
  Dowan (D:4)
  A hound (D:4)
  An iguana (D:2)
  2 orc wizards (D:4)
  2 adders
  5 orcs
  6 endoplasms
  2 giant cockroaches
  7 hobgoblins
  7 kobolds
  3 quokkas
  6 ball pythons
  8 bats
  3 frilled lizards
  6 goblins
  7 rats
71 creatures vanquished.

Vanquished Creatures (others)
  An orc (D:4)
  2 plants (D:1)
3 creatures vanquished.

Grand Total: 74 creatures vanquished

Notes
Turn   | Place    | Note
-------+----------+-------------------------------------------
     0 | D:1      | greasedhog the Formicid Fighter began the quest for the
                  | Orb.
     0 | D:1      | Reached XP level 1. HP: 18/18 MP: 1/1
   220 | D:1      | Reached XP level 2. HP: 24/24 MP: 2/2
   682 | D:1      | Reached XP level 3. HP: 27/29 MP: 3/3
   927 | D:2      | Reached skill level 5 in Shields
   927 | D:2      | Reached XP level 4. HP: 18/35 MP: 4/4
  1434 | D:2      | Found a faded altar of an unknown god.
  2187 | D:3      | Reached XP level 5. HP: 34/41 MP: 5/5
  2977 | D:4      | Reached skill level 1 in Polearms
  2977 | D:4      | Reached skill level 6 in Shields
  3057 | D:4      | Noticed Menkaure
  3064 | D:4      | Killed Menkaure
  3065 | D:4      | Reached XP level 6. HP: 12/47 MP: 6/6
  3315 | D:4      | Reached skill level 7 in Shields
  3362 | D:4      | Found a shimmering altar of Xom.
  3362 | D:4      | Found an ornate altar of the Wu Jian Council.
  3448 | D:4      | Noticed Edmund
  3458 | D:4      | Killed Edmund
  3459 | D:4      | Reached XP level 7. HP: 33/52 MP: 7/7
  3595 | D:4      | Found a basalt altar of Yredelemnul.
  3659 | D:4      | Noticed Eustachio
  3668 | D:4      | Killed Eustachio
  3669 | D:4      | Reached skill level 8 in Shields
  3714 | D:4      | Found a white marble altar of Elyvilon.
  3905 | D:4      | Noticed Dowan
  3909 | D:4      | Noticed Duvessa
  3914 | D:4      | Noticed Blork the orc
  3920 | D:4      | Killed Duvessa
  3925 | D:4      | Killed Dowan
  3929 | D:4      | Killed from afar by Blork the orc

Illustrated notes

Levels and vault maps discovered:
D:1:      spicycebolla_arrival_clurvy, layout_loops_cross
D:2:      layout_basic, shapermc_ecumenical_altar_ellora, serial_park_tiny_1
D:3:      minmay_chambers_of_threes, layout_basic
D:4:      layout_loops_corners, kennysheep_little_box, lemuel_crystal_altar,
          gammafunk_temple_overflow_wave, uniq_menkaure, uniq_edmund,
          uniq_duvessa, uniq_blork_the_orc, uniq_eustachio

Skill      XL: |  1  2  3  4  5  6  7 |
---------------+----------------------+-----
Staves         | 3 |  3.7
Shields        | 5 6 7 8 |  8.6
Polearms       | 2 3 4 |  4.5
Fighting       | |  3.2
Armour         | |  3.2

Action                   |  1- 3 |  4- 6 |  7- 9 || total
-------------------------+-------+-------+-------++-------
Melee: Quarterstaff      |    67 |    98 |       ||   165
       Trident           |       |    24 |    29 ||    53
  Use: Scroll            |     3 |     1 |       ||     4
       Potion            |       |     1 |     1 ||     2
Armor: Plate armour      |    31 |    69 |     7 ||   107
       Scale mail        |     8 |       |       ||     8
Dodge: Dodged            |    20 |    45 |     3 ||    68
Block: Buckler           |    24 |    37 |     7 ||    68

Table legend: (Time is in decaauts)
 A = Elapsed time spent in this place.
 B = Non-inter-level travel time spent in this place.
 C = Inter-level travel time spent in this place.
 D = Time resting spent in this place.
 E = Time spent auto-exploring this place.
 F = Levels seen in this place.
 G = Mean time per level.
                   A        B        C        D        E       F      G
               +--------+--------+--------+--------+--------+-----+--------+
         Total |   3964 |   3827 |    137 |    228 |   3031 |   4 |  991.0 |
       Dungeon |   3964 |   3827 |    137 |    228 |   3031 |   4 |  991.0 |
               +--------+--------+--------+--------+--------+-----+--------+

Top non-repeatable levels by time:
     D:3: 1217 daAuts
     D:4: 1063 daAuts
     D:2: 885 daAuts
     D:1: 799 daAuts
